 Dungeon Crawl Stone Soup version 0.28-a0-194-g42b4daccc1 (webtiles) character file.

Game seed: 11341431853857512489

2780 siradein the Fighter (level 9, -3/102 HPs)
             Began as an Ogre Berserker on Aug 19, 2021.
             Was a Believer of Trog.
             Succumbed to a scorpion's poison
             ... on level 6 of the Dungeon.
             The game lasted 00:15:49 (7750 turns).

siradein the Fighter (Ogre Berserker)               Turns: 7750, Time: 00:15:49

Health: -3/102     AC:  4    Str: 26    XL:     9   Next: 70%
Magic:  9/9        EV: 10    Int:  8    God:    Trog [**....]
Gold:   362        SH:  5    Dex:  4    Spells: 8/8 levels left

rFire   + + .      SeeInvis .   u - +0 giant spiked club
rCold   . . .      Faith    .   (shield currently unavailable)
rNeg    + + .      Spirit   .   c - +1 robe "Qatoer" {rF+ rN++ Dex-4}
rPois   .          Reflect  +   (helmet restricted)
rElec   .          Harm     .   (no cloak)
rCorr   .          Rampage  .   (gloves unavailable)
Will    ++...                   (boots unavailable)
Stlth   +.........              n - amulet of reflection
HPRegen 1.27/turn               o - ring of protection from fire
MPRegen 0.11/turn               (no ring)

@: lethally poisoned (-3 -> -15), strong-willed (expiring), on berserk cooldown,
regenerating (expiring)
A: large, unfitting armour, tough skin 1
a: Renounce Religion, Berserk, Trog's Hand


You were on level 6 of the Dungeon.
You worshipped Trog.
Trog was pleased with you.
You visited 1 branch of the dungeon, and saw 6 of its levels.
You also visited: Ossuary.

You collected 362 gold pieces.

Inventory:

Hand Weapons
 m - a +0 mace of protection
 u - a +0 giant spiked club (weapon)
Missiles
 f - 17 poisoned darts (quivered)
 i - 6 large rocks
Armour
 c - the +1 robe "Qatoer" (worn) {rF+ rN++ Dex-4}
   (You found it on level 6 of the Dungeon)

   Dex:       It affects your dexterity (-4).
   rF:        It protects you from fire.
   rN:        It greatly protects you from negative energy.
Jewellery
 n - an amulet of reflection (around neck)
 o - a ring of protection from fire (left hand)
 y - a ring of flight
Wands
 p - a wand of digging (4)
Scrolls
 d - 2 scrolls of blinking
 e - 3 scrolls of amnesia {unknown}
 h - 3 scrolls of teleportation {unknown}
 l - a scroll of fear {unknown}
 q - a scroll of magic mapping {unknown}
 s - 4 scrolls of enchant weapon {unknown}
 t - a scroll of enchant armour {unknown}
 x - a scroll of holy word {unknown}
Potions
 a - 2 potions of invisibility
 b - a potion of magic
 g - 2 potions of mutation {unknown}
 j - 4 potions of curing
 k - 2 potions of resistance
 r - 2 potions of flight {unknown}
 v - a potion of heal wounds {unknown}
 w - a potion of attraction {unknown}


   Skills:
 + Level 10.5 Fighting
 + Level 7.4 Maces & Flails
 + Level 7.4 Dodging


You had 8 spell levels left.
You didn't know any spells.
Your spell library was empty.

Dungeon Overview and Level Annotations

Branches:
Dungeon (6/15)            Ossuary (visited)
 Temple: D:4-7

Altars:
Elyvilon

Shops:
D:2 [

Annotations:
D:6 1 runed translucent door


Innate Abilities, Weirdness & Mutations

You are too large for most types of armour.
You have tough skin. (AC +1)


Message History

You are more poisoned.
The scorpion poisons you!
You feel very sick. The scorpion barely misses you.
You feel very sick.
You feel very sick. The scorpion stings you.
* * * LOW HITPOINT WARNING * * *
There is an open door here.
You feel very sick. The scorpion barely misses you.
You feel sick. The scorpion stings you!
* * * LOW HITPOINT WARNING * * *
You feel sick. The scorpion completely misses you.
Your skin crawls.
You feel strong-willed.
You feel sick. The scorpion barely misses you.
You feel better. The scorpion stings you.
* * * LOW HITPOINT WARNING * * *
The scorpion stings you.
* * * LOW HITPOINT WARNING * * *
You impale the scorpion!!
You kill the scorpion!
Trog accepts your kill. The scorpion stings you.
* * * LOW HITPOINT WARNING * * *
The scorpion stings you.
* * * LOW HITPOINT WARNING * * *
You are poisoned.
The scorpion poisons you!
You closely miss the scorpion.
You feel yourself speed up.
You feel the effects of Trog's Hand fading.
You feel very sick. The scorpion closely misses you. The scorpion stings you!
* * * LOW HITPOINT WARNING * * *
You are more poisoned.
The scorpion poisons you!
It was a potion of magic.
Magic courses through your body.
You die...

#### #....#######....#.####
#....#.b..B#....#.#
#.)..+.bb.B†....#.#
#....#...sB#....#.# ########
#....#######s...#.# ..#....#
#........B......#.#
#......#####...............#.####
..:........########B########.....
###.............@ssB.....(...####
#....##############.####.#.#
#......# #.##.....# #####....#
#######..#.[...# ..# #....#
#........#.....# ## ..# #....#
#............#.# #. ..#
#....######............#.# #. ..#
##........####.........#.# #. ..#
#........####.........#.# #.


You could see 2 scorpions and 2 giant cockroaches.

Vanquished Creatures
  5 yaks
  A steam dragon (D:4)
  A water moccasin (D:5)
  2 sky beasts (D:6)
  A necrophage (D:4)
  6 ogres
  A phantom (D:5)
  3 scorpions
  2 water moccasin zombies (Ossuary)
  A wyvern skeleton (D:6)
  A water moccasin skeleton (D:4)
  A howler monkey (D:5)
  A bullfrog zombie (D:6)
  2 orc priests
  4 hounds
  A bullfrog skeleton (D:5)
  A scorpion zombie (D:5)
  An iguana (D:5)
  2 orc wizards (D:4)
  2 mummies (Ossuary)
  5 adders
  A howler monkey skeleton (D:5)
  A shadow imp (D:5)
  2 white imps (D:5)
  7 adder zombies (Ossuary)
  5 worms
  3 dart slugs
  5 orcs
  2 ball pythons (D:1)
  7 endoplasms
  4 giant cockroaches
  4 gnoll zombies (Ossuary)
  4 goblins
  3 hobgoblins
  4 quokkas
  7 bats
  A hobgoblin zombie (Ossuary)
  5 kobolds
  4 kobold zombies (Ossuary)
  6 orc zombies (Ossuary)
  9 rats
128 creatures vanquished.

Notes
Turn   | Place    | Note
-------+----------+-------------------------------------------
     0 | D:1      | siradein the Ogre Berserker began the quest for the Orb.
     0 | D:1      | Reached XP level 1. HP: 24/24 MP: 1/1
   402 | D:1      | Reached XP level 2. HP: 29/32 MP: 2/2
   840 | D:1      | Reached XP level 3. HP: 39/40 MP: 3/3
  1116 | D:2      | Found Azoeduc's Armour Shop.
  1383 | D:2      | Reached ** piety under Trog
  1549 | D:2      | Found a faded altar of an unknown god.
  2116 | D:3      | Reached XP level 4. HP: 46/49 MP: 4/4
  2332 | D:3      | Reached skill level 5 in Fighting
  2590 | D:4      | Noticed a scorpion
  2596 | D:4      | Killed a scorpion
  2597 | D:4      | Reached XP level 5. HP: 57/57 MP: 5/5
  2657 | D:4      | Noticed an ogre
  2666 | D:4      | Killed an ogre
  2667 | D:4      | Reached skill level 6 in Fighting
  2667 | D:4      | Reached XP level 6. HP: 67/67 MP: 6/6
  2760 | D:4      | Noticed a necrophage
  2777 | D:4      | Killed a necrophage
  3013 | D:4      | Reached XP level 7. HP: 57/76 MP: 7/7
  3054 | D:4      | Found a sand-covered staircase.
  3059 | Ossuary  | Entered an ossuary
  3571 | Ossuary  | Reached skill level 7 in Fighting
  3641 | Ossuary  | Reached skill level 5 in Dodging
  3643 | Ossuary  | Reached skill level 5 in Maces & Flails
  4026 | D:4      | Noticed a steam dragon
  4030 | D:4      | Killed a steam dragon
  4544 | D:5      | Entered Level 5 of the Dungeon
  4585 | D:5      | Reached XP level 8. HP: 88/88 MP: 8/8
  4932 | D:5      | Found a white marble altar of Elyvilon.
  4953 | D:5      | Reached skill level 8 in Fighting
  6482 | D:6      | Reached skill level 9 in Fighting
  6504 | D:6      | Noticed a yak
  6504 | D:6      | Noticed a yak
  6504 | D:6      | Noticed a yak
  6715 | D:6      | Noticed a yak
  6715 | D:6      | Noticed a yak
  6719 | D:5      | Killed a yak
  6720 | D:5      | Reached XP level 9. HP: 95/98 MP: 9/9
  6791 | D:6      | Reached skill level 10 in Fighting
  7025 | D:6      | Identified the +1 robe "Qatoer" {rF+ rN++ Dex-4}
  7353 | D:6      | Found a runed translucent door.
  7361 | D:6      | Found a runed translucent door.
  7749 | D:6      | HP: 2/102 [scorpion (8)]
  7750 | D:6      | Succumbed to a scorpion's poison

Illustrated notes

Levels and vault maps discovered:
D:1:      amcnicky_arrival_double_pillar, layout_loops_ring, minivault_19
D:2:      layout_basic, serial_shops, nicolae_shop_competitors_out_of_business,
          ebering_ecumenical_altar_mist
D:3:      layout_rooms, serial_curves, eino_curves_02, eino_curves_04
D:4:      layout_basic, nicolae_overflow_hidden_temple, enter_ossuary_2
D:5:      minmay_bubble_buster, layout_layer_cave, lemuel_tele_altar,
          serial_bayou_pond_d, chequers_serial_rivers_micro_a
D:6:      lemuel_insect_pit, layout_basic

Skill      XL: |  1  2  3  4  5  6  7  8  9 |
---------------+----------------------------+-----
Maces & Flails | 3 4 5 6 7 |  7.4
Dodging        | 3 4 5 6 7 |  7.4
Fighting       | 5 6 7 9 10 | 10.5

Action                   |  1- 3 |  4- 6 |  7- 9 || total
-------------------------+-------+-------+-------++-------
Melee: Mace              |    61 |    40 |       ||   101
       Whip              |    59 |       |       ||    59
       Giant club        |       |    58 |   129 ||   187
       Giant spiked club |       |       |    82 ||    82
Invok: Berserk           |     2 |     4 |    10 ||    16
       Trog's Hand       |       |     4 |     9 ||    13
  Use: Scroll            |       |       |     5 ||     5
       Potion            |       |       |     2 ||     2
Armor: Animal skin       |    38 |    39 |    41 ||   118
       Robe              |       |       |     7 ||     7
Dodge: Dodged            |    78 |    64 |   114 ||   256
Block: Other             |       |       |    17 ||    17

Table legend: (Time is in decaauts)
 A = Elapsed time spent in this place.
 B = Non-inter-level travel time spent in this place.
 C = Inter-level travel time spent in this place.
 D = Time resting spent in this place.
 E = Time spent auto-exploring this place.
 F = Levels seen in this place.
 G = Mean time per level.
                   A        B        C        D        E       F      G
               +--------+--------+--------+--------+--------+-----+--------+
         Total |   8006 |   7801 |    205 |    950 |   5439 |   7 | 1143.7 |
       Dungeon |   7194 |   6989 |    205 |    920 |   4781 |   6 | 1199.0 |
       Ossuary |    811 |    811 |      0 |     29 |    658 |   1 |  811.0 |
               +--------+--------+--------+--------+--------+-----+--------+

Top non-repeatable levels by time:
     D:5: 2471 daAuts
     D:4: 1294 daAuts
     D:1: 1131 daAuts
     D:2: 939 daAuts
     D:6: 850 daAuts
 Ossuary: 811 daAuts
     D:3: 507 daAuts
